 Dungeon Crawl Stone Soup version 0.31.0-12-g77e489cdc1 (webtiles) character file.

Game seed: 13202812024470012000

704 Ruich the Conjurer (level 7, 0/42 HPs)
             Began as a Tengu Conjurer on Feb 12, 2024.
             Was a Follower of Vehumet.
             Engulfed by a steam dragon's steam (4 damage)
             ... on level 5 of the Dungeon.
             The game lasted 00:10:45 (5031 turns).

Ruich the Conjurer (Tengu Conjurer)                 Turns: 5031, Time: 00:10:46

Health: 0/42       AC:  2    Str:  9    XL:     7   Next: 67%
Magic:  6/14       EV: 16    Int: 25    God:    Vehumet [*.....]
Gold:   340        SH:  0    Dex: 12    Spells: 3/14 levels left

rFire   . . .        g - staff of death {!a}
rCold   . . .        (no shield)
rNeg    + . .        a - +0 robe
rPois   +            (helmet restricted)
rElec   .            (no cloak)
rCorr   .            (no gloves)
SInv    .            (boots unavailable)
Will    .....        (no amulet)
Stlth   ++           I - +6 ring of intelligence
HPRegen 0.27/turn    P - ring of poison resistance
MPRegen 0.14/turn

%: acrobat
@: flying
A: beak, talons 3, evasive flight, acrobatic
a: Renounce Religion


You were on level 5 of the Dungeon.
You worshipped Vehumet.
Vehumet was aware of your devotion.
You visited 1 branch of the dungeon, and saw 5 of its levels.

You collected 340 gold pieces.


Innate Abilities, Weirdness & Mutations

You have a beak for a mouth.
You have claws for feet.
Your magical flight helps you evade attacks. (EV +4)
You can magically evade attacks while moving or waiting.


   Skills:
 + Level 3.9 Fighting
 - Level 2.1 Dodging
 - Level 2.0 Stealth
 + Level 4.1 Spellcasting
 + Level 7.5 Conjurations
 - Level 1.2 Translocations
 * Level 2.9 Alchemy


You had 3 spell levels left.
You knew the following spells:

 Your Spells              Type           Power      Damage    Failure   Level
f - Fulminant Prism       Conj/Alch      15%        3d10      11%         4
m - Magic Dart            Conj           100%       1d8       1%          1
s - Searing Ray           Conj           84%        2d7       1%          2
X - Iskenderun's Mystic   Conj/Tloc      27%        2d7       14%         4

Your spell library contained the following spells:

 Spells                   Type           Power      Damage    Failure   Level
 Shock                    Conj/Air       96%        1d9       1%          1
 Stone Arrow              Conj/Erth      48%        3d10      6%          3
 Sandblast                Erth           10%        2d5       9%          1
 Sublimation of Blood     Necr           7%         N/A       14%         2
 Passwall                 Erth           5%         N/A       26%         3
 Brom's Barrelling Bould  Conj/Erth      24%        2d5       19%         4
 Irradiate                Conj/Alch      15%        3d16      28%         5
 Petrify                  Alch/Erth      12%        N/A       43%         4

Inventory:

Missiles
 b - 8 poisoned darts
 c - 2 throwing nets {=f}
Armour
 a - a +0 robe (worn)
Magical Staves
 g - a staff of death (weapon) {!a}
Jewellery
 I - a +6 ring of intelligence (left hand)
 P - a ring of poison resistance (right hand)
Scrolls
 d - 2 scrolls of fear
 f - a scroll of identify {@r1}
 h - a scroll of teleportation {@r2}
 o - a scroll of amnesia
Potions
 e - a potion of heal wounds {unknown}
 i - a potion of lignification {unknown}
 j - 3 potions of curing {unknown}
 k - 2 potions of haste {unknown}
 m - a potion of mutation {unknown}
 n - a potion of invisibility {unknown}
 p - 2 potions of resistance

Dungeon Overview and Level Annotations

Branches:
Dungeon (5/15)
 Temple: D:4-7

Altars:
Okawaru
Trog
Vehumet

Annotations:
D:5 exclusion: steam dragon

####....)#.#..##
........).......
####.......##.###..
........)..+..... #
...........#..####.#
............§......#
#########.#....§§§..#..#
...............§§(### .#
##.....##..###.#@§###..#
.#..............§.......
.#.............#..######
.#.....######..#D.....
#.##....
.#.....######....##.##
#.#....
.........[....)......#.
#.#... ..
##############.#...>.#.##....
..# #......#.#.......... ....
#.####.#.#.#.#.#...##.#.#


You could see a steam dragon (catching breath).


Message History

Aiming: Searing Ray (safe; 1% risk of failure)
Press: ? - help, Shift-Dir - straight line, f/p - steam dragon
Aim: a steam dragon (lightly wounded, 82% to hit)
The searing ray hits the steam dragon!
The steam dragon is moderately wounded. (Press . to maintain the ray.)
The searing ray hits the steam dragon!
The steam dragon is severely wounded.
The steam dragon breathes steam at you. The ball of steam misses you.
You are engulfed in a cloud of scalding steam.
Unknown command.
You finish channelling your searing ray.
You are engulfed in a cloud of scalding steam.
Unknown command.
Casting: Searing Ray (safe; 1% risk of failure)
Confirm with . or Enter, or press ? or * to list all spells.
Aiming: Searing Ray (safe; 1% risk of failure)
Press: ? - help, Shift-Dir - straight line, f/p - steam dragon
Aim: a steam dragon (steam, severely wounded, 82% to hit)
The searing ray hits the steam dragon.
The steam dragon is almost dead. (Press . to maintain the ray.)
You are engulfed in a cloud of scalding steam.
The steam dragon breathes steam at you. The ball of steam hits you!!
* * * LOW HITPOINT WARNING * * *
Unknown command.
You are engulfed in a cloud of scalding steam.
You die...

Skill      XL: |  1  2  3  4  5  6  7 |
---------------+----------------------+-----
Fighting       | 1 2 3 |  3.9
Conjurations   | 6 7 |  7.5
Spellcasting   | 3 4 |  4.1
Translocations | 1 |  1.2
Alchemy        | 1 2 |  2.9
Dodging        | |  2.1
Stealth        | |  2.0

Action                     |  1- 3 |  4- 6 |  7- 9 || total
---------------------------+-------+-------+-------++-------
  Melee: Unarmed           |    11 |       |       ||    11
         Kick              |     7 |       |       ||     7
         Peck              |     2 |       |       ||     2
   Cast: Magic Dart        |    55 |    60 |    19 ||   134
         Searing Ray       |     2 |    18 |    10 ||    30
         Fulminant Prism   |       |       |     1 ||     1
    Use: Scroll            |       |    12 |       ||    12
         Potion            |       |     1 |       ||     1
 Armour: Robe              |     6 |    17 |     6 ||    29
  Dodge: Dodged            |    10 |    28 |     6 ||    44

Levels and vault maps discovered:
D:1:      giann_forest_graveyard, layout_loops_ring,
          hangedman_decor_diamond_cutter
D:2:      layout_rooms
D:3:      layout_loops_corners, vehumet_crystals
D:4:      layout_loops_ring, trog_hazing_becter
D:5:      layout_basic, amcnicky_altar_gilded, nicolae_nh_oracle_at_delphi

Notes
Turn   | Place    | Note
-------+----------+-------------------------------------------
     0 | D:1      | Ruich the Tengu Conjurer began the quest for the Orb.
     0 | D:1      | Reached XP level 1. HP: 10/10 MP: 4/4
   140 | D:1      | Reached XP level 2. HP: 13/16 MP: 1/6
   463 | D:1      | Reached skill level 1 in Fighting
   813 | D:1      | Reached XP level 3. HP: 18/20 MP: 4/7
  1064 | D:1      | Learned a level 2 spell: Searing Ray
  1539 | D:3      | Reached skill level 6 in Conjurations
  1648 | D:3      | Reached XP level 4. HP: 26/26 MP: 6/9
  1848 | D:3      | Reached skill level 2 in Fighting
  2057 | D:3      | Found a radiant altar of Vehumet.
  2072 | D:3      | Noticed a kobold brigand
  2090 | D:3      | Reached skill level 3 in Spellcasting
  2183 | D:3      | Learned a level 4 spell: Iskenderun's Mystic Blast
  2192 | D:3      | Killed a kobold brigand
  2193 | D:3      | Reached XP level 5. HP: 25/31 MP: 5/10
  2254 | D:3      | Became a worshipper of Vehumet
  2691 | D:4      | Identified 2 potions of resistance
  2883 | D:4      | Found a bloodstained altar of Trog.
  2984 | D:4      | Reached skill level 3 in Fighting
  2984 | D:4      | Reached skill level 1 in Translocations
  2984 | D:4      | Reached XP level 6. HP: 37/37 MP: 4/12
  3069 | D:4      | Learned a level 4 spell: Fulminant Prism
  3688 | D:4      | Reached skill level 7 in Conjurations
  3688 | D:4      | Reached skill level 1 in Alchemy
  4231 | D:5      | Entered Level 5 of the Dungeon
  4261 | D:5      | Noticed a steam dragon
  4274 | D:5      | Gained mutation: Your magical flight helps you evade
                  | attacks. (EV +4) [Tengu growth]
  4274 | D:5      | Reached XP level 7. HP: 41/41 MP: 8/13
  4376 | D:5      | Reached * piety under Vehumet
  4376 | D:5      | Offered knowledge of Shock by Vehumet.
  4377 | D:5      | Reached skill level 2 in Alchemy
  4663 | D:5      | Reached skill level 4 in Spellcasting
  4752 | D:5      | Found an iron altar of Okawaru.
  5030 | D:5      | HP: 4/42 [something/ball of steam (20)]
  5031 | D:5      | Engulfed by a steam dragon's steam

Vanquished Creatures
  An ogre (D:5)
  A kobold brigand (D:3)
  2 scorpions
  A howler monkey (D:5)
  A hound (D:5)
  An orc priest (D:5)
  A gnoll bouda (D:4)
  A jelly (D:5)
  An iguana (D:5)
  2 orc wizards
  5 gnolls (D:4)
  7 adders
  A dart slug (D:1)
  15 orcs
  4 endoplasms
  5 giant cockroaches
  5 goblins
  6 hobgoblins
  5 quokkas
  2 ball pythons (D:1)
  7 bats
  3 frilled lizards
  9 kobolds
  8 rats
94 creatures vanquished.

Vanquished Creatures (others)
  A fulminant prism (D:5)
1 creature vanquished.

Grand Total: 95 creatures vanquished

Table legend: (Time is in decaauts)
 A = Elapsed time spent in this place.
 B = Non-inter-level travel time spent in this place.
 C = Inter-level travel time spent in this place.
 D = Time resting spent in this place.
 E = Time spent auto-exploring this place.
 F = Levels seen in this place.
 G = Mean time per level.
                   A        B        C        D        E       F      G
               +--------+--------+--------+--------+--------+-----+--------+
         Total |   5034 |   4885 |    149 |   1504 |   2664 |   5 | 1006.8 |
       Dungeon |   5034 |   4885 |    149 |   1504 |   2664 |   5 | 1006.8 |
               +--------+--------+--------+--------+--------+-----+--------+

Top non-repeatable levels by time:
     D:3: 1404 daAuts
     D:4: 1259 daAuts
     D:1: 1096 daAuts
     D:5: 795 daAuts
     D:2: 479 daAuts

Table legend:
 A = Non-vault XP
 B = Vault XP
 C = Vault XP percentage of total XP
 D = Non-vault monster count
 E = Vault monster count
 F = Vault count percentage of total count
                 A         B        C        D         E       F
            +---------+---------+-------+---------+---------+-------
      Total |     996 |      11 |   1.1 |      88 |       6 |   6.4
            +---------+---------+-------+---------+---------+-------
        D:1 |      40 |       0 |   0.0 |      26 |       0 |   0.0
        D:2 |      26 |       0 |   0.0 |       9 |       0 |   0.0
        D:3 |     201 |       0 |   0.0 |      22 |       0 |   0.0
        D:4 |     251 |      11 |   4.2 |      14 |       6 |  30.0
        D:5 |     478 |       0 |   0.0 |      17 |       0 |   0.0
            +---------+---------+-------+---------+---------+-------
